 Dungeon Crawl Stone Soup version 0.31-a0-965-g8a8ce12e04 (webtiles) character file.

Game seed: 5866701064588198654

89 tsujin the Magician (level 4, -12/31 HPs)
             Began as a Djinni Conjurer on Oct 26, 2023.
             Was an Initiate of Ashenzari.
             Mangled by an ogre
             ... wielding a +0 giant club
              (34 damage)
             ... on level 4 of the Dungeon.
             The game lasted 00:05:35 (2494 turns).

tsujin the Magician (Djinni Conjurer)               Turns: 2494, Time: 00:05:36

Health: -12/31     AC:  5    Str:  6    XL:     4   Next: 84%
Gold:   129        EV: 11    Int: 22    God:    Ashenzari [......] SH:  0 Dex: 11

rFire   + + .        (no weapon)
rCold   x . .        (no shield)
rNeg    . . .        b - +1 leather armour
rPois   ∞            (no helmet)
rElec   .            (no cloak)
rCorr   .            e - +0 pair of gloves
SInv    .            (boots unavailable)
Will    .....        (no amulet)
Stlth   +            (no ring)
HPRegen 0.25/turn    (no ring)
MPRegen 0.00/turn

%: infuse magic (-13 HP)
@: mighty, flying
A: sickness immunity, fire resistance 2, cold vulnerability 1, float, innate
caster, HP casting, extra vitality 1
a: Renounce Religion


You were on level 4 of the Dungeon.
You worshipped Ashenzari.
Ashenzari was noncommittal.
You visited 2 branches of the dungeon, and saw 5 of its levels.

You collected 129 gold pieces.

Inventory:

Armour
 b - a +1 leather armour (worn)
 e - a +0 pair of gloves (worn)
Jewellery
 k - a ring of resist corrosion
Wands
 j - a wand of roots (6)
Scrolls
 d - a scroll of enchant weapon
 h - 2 scrolls of poison
Potions
 a - a potion of degeneration
 c - 6 potions of curing
 g - a potion of heal wounds


   Skills:
 + Level 0.6 Fighting
 + Level 2.4 Dodging
 + Level 1.8 Stealth
 * Level 4.4 Spellcasting
 * Level 4.4 Conjurations
 * Level 4.4 Hexes
   Level 0.0 Charms
 * Level 4.4 Summonings
 * Level 4.4 Necromancy
 * Level 4.4 Translocations
 * Level 4.4 Transmutations
 * Level 4.4 Fire Magic
 * Level 4.4 Ice Magic
 * Level 4.4 Air Magic
 * Level 4.4 Earth Magic
 * Level 4.4 Poison Magic


You knew the following spells:

 Your Spells              Type           Power      Damage    Failure   Level
a - Magic Dart            Conj           96%        1d7       2%          1
b - Searing Ray           Conj           48%        2d6       4%          2
c - Dazzling Flash        Conj/Hex       48%        N/A       9%          3
d - Fulminant Prism       Conj/Hex       12%        3d8       26%         4
e - Iskenderun's Mystic   Conj/Tloc      24%        2d7       26%         4
f - Slow                  Hex            96%        N/A       2%          1
Your spell library was empty.

Dungeon Overview and Level Annotations

Branches:
Dungeon (4/15)             Temple (1/1) D:4

Altars:
Ashenzari
Cheibriados
Dithmenos
Elyvilon
Fedhas
Gozag
Hepliaklqana
Makhleb
Nemelex Xobeh
Qazlal
Ru
Trog
Uskayaw
Wu Jian
Xom
Yredelemnul
Zin
The Shining One

Annotations:
D:1 1 transporter
D:2 1 runed translucent door, Crazy Yiuf


Innate Abilities, Weirdness & Mutations

You are immune to sickness and miasma.
You are immune to poison.
Your flesh is very heat resistant. (rF++)
You are vulnerable to cold. (rC-)
You float through the air rather than walking.
You learn spells naturally, not from books.
Your magical power is your life essence.
You have superior vitality. (+4 MHP)


Message History

You reach down and open the door.
There is an open door here.
You reach down and open the door.
Found a broken altar of Ashenzari.
There is an open door here.
There is an open door here.
You reach down and open the door.
Found a hazy altar of Hepliaklqana.
There is an open door here.
There is a hazy altar of Hepliaklqana here.
There is an open door here.
There is an open door here.
There is a broken altar of Ashenzari here.
You hover solemnly before the altar of Ashenzari.
Ashenzari welcomes you!
Ashenzari warns you of distant threats and treasures.
Ashenzari shows you where magical portals lie.
There are no items here.
Okay, then.
There is an open door here.
Okay, then.
There is an open door here.
It was a potion of cancellation.
You feel magically purged.
There is a staircase back to the Dungeon here.
Okay, then.
It was a potion of might.
You feel very mighty all of a sudden.
Okay, then.
Okay, then.
You can't go down here!
You fly upwards.
Welcome back to the Dungeon!
You hear the hiss of flowing sand.
There is an entrance to an ossuary on this level.
Hurry and find it before the portal is buried!
You hear the hiss of an avalanche of sand very nearby.
The ogre hits you with a +0 giant club!
You have a vision of a gate.
There is a staircase to the Ecumenical Temple here.
The ogre attacks as it pursues you!
The ogre hits you with a +0 giant club!!
Ouch! That really hurt!
You die...

##. ...# ### ...... ...#
...... ...# ...... ....#
#.......# #....#
#.#......###....#
####.#...#..@#...#
..#.#....#.O...#
#.#...#####.>.##
####+#<#.#...)#.....#
#......#..#..#...#...#
#......#........###....#
#.........#.#..#.# #..##
#.........###....# .##
####.##...+ ..#..# ##


You could see an ogre.

Vanquished Creatures
  Natasha (D:4)
  An adder (D:2)
  A worm (D:2)
  4 bats
  7 endoplasms
  12 goblins
  6 hobgoblins
  A quokka (D:2)
  2 ball pythons
  5 frilled lizards
  5 kobolds
  4 rats
49 creatures vanquished.

Notes
Turn   | Place    | Note
-------+----------+-------------------------------------------
     0 | D:1      | tsujin the Djinni Conjurer began the quest for the Orb.
     0 | D:1      | tsujin set off with the following spells memorised: Magic
                  | Dart, Searing Ray, Dazzling Flash, Fulminant Prism,
                  | Iskenderun's Mystic Blast.
     0 | D:1      | Reached XP level 1. HP: 15/15 MP: 0/0
    21 | D:2      | Found a shimmering altar of Xom.
    45 | D:1      | Found a faded altar of an unknown god.
   150 | D:1      | Reached XP level 2. HP: 18/21 MP: 0/0
   372 | D:1      | Reached XP level 3. HP: 25/25 MP: 0/0
   372 | D:1      | Learned a level 1 spell: Slow
  1201 | D:2      | Found a runed translucent door.
  1202 | D:2      | Noticed Crazy Yiuf
  1279 | D:2      | Reached XP level 4. HP: 29/31 MP: 0/0
  2249 | D:4      | Noticed Natasha
  2254 | D:4      | Killed Natasha
  2311 | D:4      | Noticed an ogre
  2315 | D:4      | Found a staircase to the Ecumenical Temple.
  2322 | Temple   | Entered the Ecumenical Temple
  2443 | Temple   | Became a worshipper of Ashenzari the Shackled
  2494 | D:4      | Mangled by an ogre

Illustrated notes

Levels and vault maps discovered:
D:1:      spicycebolla_arrival_transporter_tutorial, layout_basic,
          shapermc_ecumenical_altar_ellora, minmay_box_of_dots
D:2:      layout_loops_ring, basic_altar, dreamdust_princess_corridor,
          st_stairs_5, grunt_ministairs_6, uniq_crazy_yiuf_cottage
D:3:      layout_basic, old_standard_altar, minivault_4
D:4:      layout_basic, minmay_temple_entry_arrows, enter_ossuary_3,
          hangedman_decor_clover_reticule, uniq_pikel, uniq_natasha
Temple:   mainiacjoe_temple_cubbyholes

Skill      XL: |  1  2  3 |
---------------+----------+-----
Spellcasting   | 4 |  4.4
Conjurations   | 4 |  4.4
Hexes          | 4 |  4.4
Summonings     | 4 |  4.4
Necromancy     | 4 |  4.4
Translocations | 4 |  4.4
Transmutations | 4 |  4.4
Fire Magic     | 4 |  4.4
Ice Magic      | 4 |  4.4
Air Magic      | 4 |  4.4
Earth Magic    | 4 |  4.4
Poison Magic   | 4 |  4.4
Fighting       | |  0.6
Dodging        | |  2.4
Stealth        | |  1.8

Action                     |  1- 3 |  4- 6 || total
---------------------------+-------+-------++-------
  Melee: Unarmed           |       |     1 ||     1
   Cast: Magic Dart        |    60 |    31 ||    91
    Use: Scroll            |     3 |     5 ||     8
         Potion            |       |     2 ||     2
 Armour: Leather armour    |       |     6 ||     6
  Dodge: Dodged            |     2 |     1 ||     3

Table legend: (Time is in decaauts)
 A = Elapsed time spent in this place.
 B = Non-inter-level travel time spent in this place.
 C = Inter-level travel time spent in this place.
 D = Time resting spent in this place.
 E = Time spent auto-exploring this place.
 F = Levels seen in this place.
 G = Mean time per level.
                   A        B        C        D        E       F      G
               +--------+--------+--------+--------+--------+-----+--------+
         Total |   2492 |   2313 |    179 |     40 |   1937 |   5 |  498.4 |
       Dungeon |   2323 |   2239 |     84 |     40 |   1937 |   4 |  580.8 |
        Temple |    169 |     74 |     95 |      0 |      0 |   1 |  169.0 |
               +--------+--------+--------+--------+--------+-----+--------+

Top non-repeatable levels by time:
     D:2: 854 daAuts
     D:1: 752 daAuts
     D:3: 636 daAuts
  Temple: 169 daAuts
     D:4: 79 daAuts
